 Dungeon Crawl Stone Soup version 0.17-a0-1534-gf98da79 (webtiles) character file.

546 voroshil the Firebug (level 7, 0/48 HPs)
             Began as a Human Fire Elementalist on July 17, 2015.
             Slain by an ogre
             ... wielding a +0 giant spiked club
              (18 damage)
             ... on level 4 of the Dungeon.
             The game lasted 00:52:46 (5838 turns).

voroshil the Firebug (Human Fire Elementalist)      Turns: 5838, Time: 00:52:46

Health: 0/48       AC:  6    Str:  8    XL:     7   Next: 53%
Magic:  1/12       EV: 13    Int: 18    God:
Gold:   308        SH:  0    Dex: 13    Spells: 3 memorised, 4 levels left

rFire  . . .     SeeInvis .     r - +1 short sword (venom)
rCold  . . .     Clarity  .     q - +2 robe {MR+}
rNeg   . . .     SustAt   .     (no shield)
rPois  .         Gourm    .     (no helmet)
rElec  .         Spirit   .     (no cloak)
rCorr  .         Warding  .     (no gloves)
rMut   .         Stasis   .     t - +1 pair of boots {Fly}
MR     +....                    (no amulet)
Stlth  ++........               (no ring)
                                (no ring)

@: somewhat resistant to hostile enchantments, unstealthy
A: no striking features
a: Evoke Flight


You were on level 4 of the Dungeon.
You were hungry.

You visited 1 branch of the dungeon, and saw 4 of its levels.

You collected 308 gold pieces.

Inventory:

Hand weapons
 f - a cursed -1 scythe
 g - a +0 dagger
 h - a +0 hand axe
 j - a +0 mace
 m - a +0 spear
 n - a +0 club
 r - a +1 short sword of venom (weapon)
 w - a +0 whip
Missiles
 e - 24 bolts
 v - 11 poisoned needles
 E - 15 arrows
Armour
 a - a +0 robe
 c - a +0 ring mail
 d - a +0 ring mail
 i - a +0 robe
 q - a +2 robe of magic resistance (worn)
 t - a +1 pair of boots of flying (worn)
 x - a cursed -2 robe
Magical staves
 y - an uncursed staff of death {unknown}
Magical devices
 l - a wand of digging (4)
Scrolls
 k - 7 scrolls of remove curse
 o - a scroll of teleportation
 z - a scroll of identify
 A - a scroll of recharging {unknown}
 B - a scroll of blinking {unknown}
Potions
 s - a potion of curing
 u - a potion of brilliance {unknown}
 D - a potion of berserk rage {unknown}
Books
 b - a book of Flames

   Spells                             Type                      Level
   a - Flame Tongue                   Conjuration/Fire             1
   b - Throw Flame                    Conjuration/Fire             2
   c - Conjure Flame                  Conjuration/Fire             3
   d - Inner Flame                    Hexes/Fire                   3
   e - Sticky Flame                   Conjuration/Fire             4
   f - Fireball                       Conjuration/Fire             5
Comestibles
 p - a slice of pizza
 F - a meat ration


   Skills:
 + Level 1.3 Fighting
 + Level 0.2 Axes
 + Level 2.2 Armour
 + Level 3.2 Dodging
 + Level 3.0 Stealth
 + Level 3.4 Spellcasting
 + Level 3.3 Conjurations
 + Level 4.6 Fire Magic
 + Level 0.4 Evocations


You had 4 spell levels left.
You knew the following spells:

 Your Spells              Type           Power        Failure   Level  Hunger
a - Flame Tongue          Conj/Fire      ###..        3%          1    None
b - Throw Flame           Conj/Fire      ###...       6%          2    ##.....
c - Fireball              Conj/Fire      ###.......   87%         5    ######.


Dungeon Overview and Level Annotations

Branches:
Dungeon (4/15)
 Temple: D:4-7

Altars:
Dithmenos
Elyvilon
Gozag
Makhleb
Zin


Message History

Aim: an ogre, wielding a giant spiked club (heavily wounded)
The puff of flame misses the ogre.
The ogre hits you with a giant spiked club!!
You are feeling hungry.
Casting: Throw Flame
Confirm with . or Enter, or press ? or * to list all spells.
Aiming: Throw Flame
Press: ? - help, Shift-Dir - straight line, f/p - ogre
Aim: an ogre, wielding a giant spiked club (heavily wounded)
The puff of flame hits the ogre.
The ogre is heavily wounded.
Casting: Throw Flame
Confirm with . or Enter, or press ? or * to list all spells.
Aiming: Throw Flame
Press: ? - help, Shift-Dir - straight line, f/p - ogre
Aim: an ogre, wielding a giant spiked club (heavily wounded)
The puff of flame hits the ogre.
The ogre is severely wounded.
The ogre hits you with a giant spiked club!!
You die...

.....# ##.##
#..#####.##.###. ...#.#
#.# #........##.# ##
#.##.# #.# #........##.#
#.##.# #.# ####...####.#
.....# #.#### #...# #..
#+#### #....# #.).# ###
##.#...### ##.## #
#........# #.#### ##
#.#....O@.# #.##.## ##.
##........####.#...####..
.....#?................+..
###......######.#...####..
#.#...## #.##.### ##.
##.#### #.##...# ## #.
#......# # # ####...#
##.##


You could see an ogre.

Vanquished Creatures
  Sigmund (D:3)
  A giant frog (D:3)
  An orc wizard (D:4)
  Jessica (D:3)
  2 iguanas (D:4)
  2 worker ants
  9 adders
  An ooze (D:4)
  2 worms (D:2)
  6 orcs
  10 bats
  A bat skeleton (D:4)
  4 giant cockroaches
  12 hobgoblins
  8 jackals
  9 kobolds
  2 ball pythons
  6 giant newts
  14 goblins
  6 rats
98 creatures vanquished.

Notes
Turn   | Place    | Note
--------------------------------------------------------------
     0 | D:1      | voroshil the Human Fire Elementalist began the quest for the Orb.
     0 | D:1      | Reached XP level 1. HP: 13/13 MP: 3/3
   257 | D:1      | Reached XP level 2. HP: 19/19 MP: 0/5
  1109 | D:1      | Reached XP level 3. HP: 24/24 MP: 1/6
  1430 | D:1      | Reached skill level 1 in Armour
  1430 | D:1      | Reached XP level 4. HP: 21/30 MP: 1/7
  1766 | D:1      | Learned a level 2 spell: Throw Flame
  2325 | D:2      | Found an opulent altar of Gozag.
  2670 | D:2      | Found a glowing silver altar of Zin.
  2908 | D:2      | Found a shadowy altar of Dithmenos.
  3092 | D:2      | Found a burning altar of Makhleb.
  3153 | D:2      | Reached XP level 5. HP: 36/36 MP: 5/8
  3451 | D:3      | Noticed Jessica
  3481 | D:3      | Killed Jessica
  3677 | D:3      | Noticed Sigmund
  3728 | D:3      | Killed Sigmund
  3728 | D:3      | Reached skill level 1 in Fighting
  3728 | D:3      | Reached skill level 4 in Fire Magic
  3728 | D:3      | Reached XP level 6. HP: 39/43 MP: 2/10
  3825 | D:3      | Learned a level 5 spell: Fireball
  4333 | D:3      | Reached XP level 7. HP: 48/48 MP: 4/11
  5095 | D:4      | Found a white marble altar of Elyvilon.
  5838 | D:4      | Slain by an ogre

Vault maps used:
D:1:      sevenhm_arrival_forest_fort_large_4
D:2:      nicolae_overflow_crystal_walls, overflow_temple_1_default,
          old_standard_altar, nicolae_overflow_hidden_temple
D:3:      uniq_jessica, uniq_sigmund
D:4:      elyvilon_altar_5

Action                   |  1- 3 |  4- 6 |  7- 9 || total
-------------------------+-------+-------+-------++-------
Melee: Dagger            |    21 |       |       ||    21
       Hand axe          |    33 |    87 |     6 ||   126
       Short sword       |       |       |    33 ||    33
 Cast: Flame Tongue      |    48 |     5 |       ||    53
       Throw Flame       |       |    53 |    57 ||   110
 Abil: Stop Flying       |       |     1 |       ||     1
Evoke: Wand              |       |     4 |       ||     4
  Use: Scroll            |     1 |     3 |     1 ||     5
       Potion            |       |     5 |       ||     5
 Stab: Sleeping          |       |     1 |       ||     1
  Eat: Bread ration      |     1 |     1 |       ||     2
       Royal jelly       |       |     2 |       ||     2
       Pizza             |       |     1 |       ||     1
       Beef jerky        |       |     1 |       ||     1
       Chunk             |       |       |     2 ||     2
       Meat ration       |       |       |     1 ||     1
